 Dungeon Crawl Stone Soup version 0.32-a0-132-g2d33c3cfaf (webtiles) character file.

Game seed: 10202159542996126871

228462 BubbleThief the Executioner (level 19, 0/191 HPs)
             Began as a Hill Orc Fighter on Feb 9, 2024.
             Was the Champion of Okawaru.
             Killed from afar by an ironbound thunderhulk (32 damage)
             ... with a bolt of lightning
             ... on level 2 of the Vaults.
             The game lasted 00:54:47 (30928 turns).

BubbleThief the Executioner (Hill Orc Fighter)     Turns: 30928, Time: 00:54:47

Health: 0/191      AC: 37    Str: 33    XL:     19   Next: 42%
Magic:  24/24      EV:  9    Int:  8    God:    Okawaru [******]
Gold:   631        SH: 25    Dex: 10    Spells: 18/18 levels left

rFire   + . .        M - +7 broad axe (heavy)
rCold   + + .        O - +1 tower shield {rC+}
rNeg    . . .        a - +7 chain mail of the Jabberwock {rF+}
rPois   +            G - +0 helmet
rElec   .            B - +1 cloak {rPois}
rCorr   .            e - +0 pair of gloves
SInv    .            P - +3 pair of mountain boots {steadfast, rC+}
Will    +....        w - amulet of reflection Stlth
                     r - +6 ring of strength
HPRegen 0.51/turn    T - +4 ring of protection
MPRegen 0.19/turn

%: reflection
@: no status effects
A: no striking features
}: 1/15 runes: gossamer
a: Renounce Religion, Heroism, Finesse, Duel


You were on level 2 of the Vaults.
You worshipped Okawaru.
Okawaru was exalted by your worship.
You visited 6 branches of the dungeon, and saw 29 of its levels.
You also visited: Sewer and Ice Cave.

You collected 2893 gold pieces.
You spent 2262 gold pieces at shops.

Inventory:

Hand Weapons
 M - a +7 heavy broad axe (weapon)
Missiles
 n - 2 darts of dispersal
 p - 17 atropa-tipped darts
 E - 2 silver javelins
 H - 29 curare-tipped darts
 K - 27 javelins (quivered)
 X - a datura-tipped dart
Armour
 a - the +7 chain mail of the Jabberwock (worn) {rF+}
   (You found it on level 1 of the Lair of Beasts)

   rF+:       It protects you from fire.
 e - a +0 pair of gloves (worn)
 B - a +1 cloak of poison resistance (worn)
 G - a +0 helmet (worn)
 O - a +1 tower shield of cold resistance (worn)
 P - the +3 pair of mountain boots (worn) {steadfast, rC+}
   (Okawaru gifted it to you on level 3 of the Lair of Beasts)

   Steadfast: It prevents involuntary movement, except for blinking,
   teleportation, or banishment.
   rC+:       It protects you from cold.
Jewellery
 j - a ring of protection from fire
 r - a +6 ring of strength (left hand)
 w - an amulet of reflection (around neck)
 N - an amulet of regeneration
 Q - a ring of flight
 S - a ring of poison resistance
 T - a +4 ring of protection (right hand)
Wands
 y - a wand of mindburst (8)
 A - a wand of polymorph (34)
 C - a wand of flame (20)
 F - a wand of iceblast (27)
 J - a wand of acid (10)
 Z - a wand of digging (4)
Scrolls
 g - 6 scrolls of identify
 l - 2 scrolls of immolation
 m - 4 scrolls of enchant armour
 o - a scroll of vulnerability
 q - 5 scrolls of fog
 u - 7 scrolls of blinking
 x - 8 scrolls of teleportation
 D - 6 scrolls of revelation
 I - 5 scrolls of poison
 L - 4 scrolls of fear
 U - a scroll of torment
 W - a scroll of silence
Potions
 b - 3 potions of cancellation
 c - 8 potions of heal wounds
 d - 4 potions of might
 f - 3 potions of lignification
 h - 3 potions of invisibility
 i - 9 potions of ambrosia
 k - 5 potions of resistance
 s - 9 potions of curing
 t - 5 potions of attraction
 v - 6 potions of haste
 z - 2 potions of enlightenment
 R - 5 potions of berserk rage
 V - 6 potions of mutation
 Y - 2 potions of magic


   Skills:
 - Level 22.0 Fighting
 - Level 22.0 Axes
 + Level 18.6 Armour
 + Level 18.1 Shields
 - Level 7.0 Invocations


You had 18 spell levels left.
You didn't know any spells.
Your spell library contained the following spells:

 Spells                   Type           Power      Damage    Failure   Level
 Kiss of Death            Conj/Necr      0%         2d5       85%         1
 Cigotuvi's Dreadful Rot  Necr/Alch/Air  0%         N/A       94%         2
 Mercury Vapours          Alch/Air       0%         N/A       94%         2
 Confusing Touch          Hex            0%         N/A       99%         3
 Mephitic Cloud           Conj/Alch/Air  0%         N/A       99%         3
 Cause Fear               Hex            0%         N/A       100%        4
 Dimensional Bullseye     Hex/Tloc       0%         N/A       100%        4
 Dispel Undead            Necr           0%         3d6       100%        4
 Ignite Poison            Fire/Alch      0%         N/A       100%        4
 Iskenderun's Mystic Bla  Conj/Tloc      0%         2d3       100%        4
 Vhi's Electric Charge    Tloc/Air       0%         N/A       100%        4
 Arcjolt                  Conj/Air       0%         1d10      100%        5
 Borgnjor's Vile Clutch   Necr/Erth      0%         N/A       100%        5
 Fireball                 Conj/Fire      0%         3d3       100%        5
 Freezing Cloud           Conj/Ice/Air   0%         6-21      100%        5
 Maxwell's Capacitive Co  Air            0%         ∞         100%        8
 Tukima's Dance           Hex            Unusable   N/A       N/A         3
 Animate Dead             Necr           Unusable   N/A       N/A         4
 Death Channel            Necr           Unusable   N/A       N/A         6
 Dragon's Call            Summ           Unusable   N/A       N/A         9

Dungeon Overview and Level Annotations

Branches:
Dungeon (15/15)            Temple (0/1) D:6            Lair (5/5) D:9
 Shoals (1/4) Lair:2       Spider (4/4) Lair:3        Slime (0/5) Lair:5
    Orc (2/2) D:10            Elf (0/3) Orc:2        Vaults (2/5) D:13
 Depths (0/4) D:15          Sewer (visited)           IceCv (visited)
  Crypt: Vaults:2-3

Altars:
Ashenzari
Fedhas
Hepliaklqana
Kikubaaqudgha
Okawaru
Qazlal
Ru
Sif Muna
Trog
Yredelemnul
The Shining One
Jiyva

Shops:
D:2 (   D:7 :   D:11 (   Orc:2 *(?[   Vaults:1 !   Vaults:2 =


Message History

The bolt of lightning hits you!!
You slice the ironbound convoker!!
The ironbound convoker is almost dead.
You slice the large slime creature!!
You hit the dire elephant but do no damage.
You block the dire elephant's attack. x2
The large slime creature closely misses you.
Strange energies crackle from the ironbound thunderhulk's apparatus.
The ironbound thunderhulk blinks!
You open the ironbound convoker like a pillowcase!!!
You kill the ironbound convoker!
Okawaru accepts your kill.
You slice the large slime creature!! You slice the dire elephant!!
The dire elephant tramples you.
You hold your ground!
The dire elephant trunk-slaps you but does no damage.
You block the large slime creature's attack.
Electricity crackles from the ironbound thunderhulk's apparatus.
The bolt of lightning hits you!!!
You are too injured to fight recklessly!
Unknown command.
You slice the ironbound frostheart like a ripe choko!!!!
You kill the ironbound frostheart!
Okawaru accepts your kill.
You barely miss the large slime creature.
You slash the dire elephant!
A large slime creature splits.
You block the dire elephant's attack. x2
Electricity crackles from the ironbound thunderhulk's apparatus.
The bolt of lightning hits you!!!
* * * LOW HITPOINT WARNING * * *
Unknown command.
You cut the slime creature into ribbons!!!
You kill the slime creature!
Okawaru accepts your kill.
You slice the dire elephant!!
You carve the slime creature like a ham!!!
You kill the slime creature!
Okawaru accepts your kill.
Electricity crackles from the ironbound thunderhulk's apparatus.
The bolt of lightning hits you!!
You die...

### $. #..##. #...#.
#O... #...## #...##
#)[Y# #@)#
#########'###
#...........#
#...........#
#...........#
#...........#
#..)†.......#
##########''#########
#...........#


You could see a dire elephant (strong) and an ironbound thunderhulk.

Vanquished Creatures
  Rupert (Orc:2)
  Jorgrun (Spider:1)
  A tengu reaver (D:14)
  Donald (Spider:1)
  4 emperor scorpions
  6 vault wardens
  5 ghost moths
  A reaper (IceCv)
  8 ironbound preservers
  A broodmother (Spider:3)
  A formless jellyfish (Vaults:1)
  A deep elf death mage (Vaults:1)
  An ironbound thunderhulk (Vaults:1)
  Nessos (D:13)
  6 dire elephants
  4 spark wasps
  Azrael (Orc:2)
  Snorg (D:13)
  An ettin (Orc:2)
  An entropy weaver (shapeshifter) (D:14)
  7 entropy weavers
  3 yaktaur captains
  2 rakshasas
  3 great orbs of eyes
  5 hydras
  4 vault guards (Vaults:1)
  A jorogumo (Spider:3)
  5 ironbound frosthearts
  The ghost of Azoth the Eclecticist, a journeyman DEIE of Cheibriados (D:12)
  4 boulder beetles
  5 centaur warriors
  3 catoblepae
  11 two-headed ogres
  2 radroaches
  2 demonic crawlers
  A merfolk avatar (Shoals:1)
  6 death yaks
  A deep troll earth mage (Vaults:1)
  A tengu warrior (D:13)
  2 occultists (D:15)
  Urug (Lair:4)
  10 pharaoh ants
  3 skysharks
  18 deep trolls
  Lodul (D:14)
  A sea snake (Shoals:1)
  A deep troll (shapeshifter) (D:14)
  4 steelbarb worms
  3 arcanists
  2 lindwurms (Vaults:1)
  A spectral wolf spider (D:12)
  10 orb spiders
  3 orc knights
  8 harpies (Shoals:1)
  A deep elf pyromancer (D:12)
  5 ironbound convokers
  2 orc sorcerers
  A steelbarb worm (shapeshifter) (D:14)
  3 necromancers
  10 ugly things
  2 deep elf zephyrmancers
  21 wolf spiders
  31 elephants
  4 manticores
  3 spectral centaurs (D:12)
  5 kobold blastminers
  3 moths of wrath
  6 vault sentinels
  7 cyclopes
  2 ice statues (IceCv)
  2 torpor snails
  7 black mambas
  11 cane toads
  2 centaur skeletons (D:15)
  5 kobold demonologists
  4 rime drakes
  An unseen horror (D:12)
  2 freezing wraiths
  2 gargoyles
  Maggie (D:6)
  2 efreet
  8 komodo dragons
  2 tengu conjurers (D:14)
  10 ice devils
  10 yaktaurs
  9 polar bears
  10 trolls
  A harpy zombie (D:12)
  15 hornets
  29 tarantellas
  Prince Ribbit (D:6)
  14 blink frogs
  10 dream sheep
  2 snapping turtles
  13 culicivoras
  31 jumping spiders
  A meliai zombie (D:12)
  3 shadows
  A centaur simulacrum (D:12)
  A water elemental (Lair:2)
  54 slime creatures
  25 spriggans
  4 wyverns
  64 yaks
  4 wraiths
  2 dire elephant simulacra (IceCv)
  6 fire elementals (Orc:2)
  A warg (Orc:2)
  3 vampire mosquitoes (D:10)
  8 basilisks
  46 redbacks
  A death yak simulacrum (IceCv)
  2 acid dragons
  2 hell hounds (Orc:2)
  21 water moccasins
  A sky beast (D:8)
  A black bear (Lair:5)
  33 orc warriors
  A crocodile (Sewer)
  6 boggarts
  2 ice beasts (D:6)
  32 wolves
  A hornet zombie (D:12)
  21 centaurs
  17 ogres
  A phantom (D:4)
  A brain worm (Sewer)
  A gnoll sergeant (D:11)
  Blork the orc (D:5)
  25 kobold brigands
  16 bullfrogs
  A two-headed ogre simulacrum (IceCv)
  4 scorpions
  4 wights (D:8)
  An elephant simulacrum (IceCv)
  11 killer bees
  5 electric eels
  5 howler monkeys
  2 centaur zombies
  5 lava snakes (Lair:3)
  7 jellies
  2 bombardier beetles
  10 orc priests
  2 gnoll boudas
  A hound (D:6)
  Ijyb (D:4)
  18 orc wizards
  2 iguanas
  A sleepcap (D:6)
  Terence (D:2)
  2 spriggan simulacra (IceCv)
  3 polar bear simulacra (IceCv)
  A hound zombie (D:3)
  10 gnolls
  5 adders
  A naga simulacrum (IceCv)
  3 shadow imps
  4 white imps
  11 ufetubi
  5 ribbon worms
  73 orcs
  7 ball pythons
  8 endoplasms
  A giant cockroach (D:2)
  4 goblins
  A hobgoblin (D:3)
  8 jackals
  6 quokkas
  2 ball python zombies (D:3)
  8 bats
  4 frilled lizards
  20 kobolds
  6 rats
1177 creatures vanquished.

Vanquished Creatures (others)
  An ogre mage (Vaults:2)
  A boggart (Lair:4)
  A lava snake (Lair:3)
  An ufetubus (IceCv)
4 creatures vanquished.

Grand Total: 1181 creatures vanquished

Notes
Turn   | Place    | Note
-------+----------+-------------------------------------------
     0 | D:1      | BubbleThief the Hill Orc Fighter began the quest for the
                  | Orb.
     0 | D:1      | Reached XP level 1. HP: 19/19 MP: 1/1
    40 | D:1      | Reached XP level 2. HP: 16/27 MP: 2/2
   793 | D:2      | Reached XP level 3. HP: 26/33 MP: 3/3
   875 | D:2      | Found Plog's Antique Weapon Shoppe.
   924 | D:2      | Noticed Terence
   928 | D:2      | Killed Terence
   954 | D:2      | Reached XP level 4. HP: 40/41 MP: 4/4
  1495 | D:3      | Reached skill level 5 in Axes
  1572 | D:3      | Found an ancient bone altar of Kikubaaqudgha.
  1693 | D:3      | Found a hazy altar of Hepliaklqana.
  1784 | D:3      | Found a bloodstained altar of Trog.
  2006 | D:3      | Found a basalt altar of Yredelemnul.
  2020 | D:3      | Reached XP level 5. HP: 42/47 MP: 5/5
  2133 | D:3      | Reached skill level 5 in Fighting
  2523 | D:4      | Found a glowing drain.
  2544 | D:4      | Reached XP level 6. HP: 52/56 MP: 6/6
  2545 | Sewer    | Entered a sewer
  2743 | D:4      | Reached XP level 7. HP: 63/63 MP: 7/7
  2778 | D:4      | Found a glowing golden altar of the Shining One.
  3176 | D:4      | Found an iron altar of Okawaru.
  3193 | D:4      | Became a worshipper of Warmaster Okawaru
  3525 | D:4      | Noticed Ijyb
  3599 | D:4      | Killed Ijyb
  3723 | D:5      | Entered Level 5 of the Dungeon
  3723 | D:5      | Found a blossoming altar of Fedhas.
  3864 | D:5      | Reached XP level 8. HP: 71/73 MP: 8/8
  3925 | D:5      | Reached skill level 10 in Axes
  4148 | D:5      | Reached * piety under Okawaru
  4252 | D:5      | Noticed Blork the orc
  4274 | D:5      | Killed Blork the orc
  4495 | D:6      | Found a shimmering blue altar of Sif Muna.
  4780 | D:6      | Found a staircase to the Ecumenical Temple.
  4802 | D:6      | Reached ** piety under Okawaru
  4803 | D:6      | Reached XP level 9. HP: 66/82 MP: 9/9
  4928 | D:6      | Noticed Prince Ribbit
  4946 | D:6      | Killed Prince Ribbit
  4994 | D:6      | Noticed an angel
  5053 | D:6      | Found a stormy altar of Qazlal.
  5286 | D:6      | Noticed Maggie
  5577 | D:6      | Reached skill level 1 in Invocations
  5674 | D:7      | Found Xoet's Book Shoppe.
  6257 | D:8      | Reached *** piety under Okawaru
  6261 | D:8      | Reached skill level 10 in Fighting
  6316 | D:8      | Reached XP level 10. HP: 93/93 MP: 11/13
  6673 | D:8      | Reached skill level 5 in Invocations
  7076 | D:9      | Found a sacrificial altar of Ru.
  7349 | D:9      | Noticed a two-headed ogre
  7358 | D:9      | Killed a two-headed ogre
  7412 | D:9      | Reached **** piety under Okawaru
  7613 | D:9      | Noticed a two-headed ogre
  7621 | D:9      | Killed a two-headed ogre
  7695 | D:9      | Reached skill level 5 in Armour
  7712 | D:9      | Reached XP level 11. HP: 68/107 MP: 14/14
  7846 | D:9      | Found a staircase to the Lair.
  8223 | D:10     | Entered Level 10 of the Dungeon
  8311 | D:10     | Reached ***** piety under Okawaru
  8853 | D:10     | Found a staircase to the Orcish Mines.
  9083 | D:10     | Reached skill level 5 in Shields
  9183 | D:10     | Received a gift from Okawaru
  9408 | D:10     | Noticed a two-headed ogre
  9421 | D:10     | Killed a two-headed ogre
  9891 | D:6      | Found a broken altar of Ashenzari.
  9980 | D:6      | Killed Maggie
 10299 | Lair:1   | Entered Level 1 of the Lair of Beasts
 10367 | Lair:1   | Identified the +7 chain mail of the Jabberwock {rF+}
 10460 | Lair:1   | Reached XP level 12. HP: 114/118 MP: 15/15
 10518 | Lair:1   | Found a frozen archway.
 10528 | Lair:1   | Received a gift from Okawaru
 10529 | Lair:1   | Reached skill level 15 in Axes
 10551 | IceCv    | Entered an ice cave
 11473 | IceCv    | Noticed a reaper
 11530 | IceCv    | Killed a reaper
 11530 | IceCv    | Received a gift from Okawaru
 12052 | Lair:1   | Noticed a boulder beetle
 12065 | Lair:1   | Killed a boulder beetle
 12230 | Lair:1   | Reached skill level 15 in Fighting
 12390 | Lair:1   | Reached XP level 13. HP: 125/126 MP: 16/18
 12748 | Lair:2   | Received a gift from Okawaru
 12860 | Lair:2   | Found a staircase to the Shoals.
 13280 | Lair:2   | Reached skill level 10 in Armour
 13658 | Lair:3   | Received a gift from Okawaru
 13922 | Lair:3   | Reached ****** piety under Okawaru
 13925 | Lair:3   | Acquired the +3 pair of mountain boots {steadfast, rC+}
 13925 | Lair:3   | Received a gift from Okawaru
 13925 | Lair:3   | Found the +3 pair of mountain boots {steadfast, rC+}
 13940 | Lair:3   | Acquired the +10 battleaxe "Ymunn" {flame, Int+3}
 13940 | Lair:3   | Received a gift from Okawaru
 14196 | Lair:3   | Found a hole to the Spider Nest.
 14748 | Lair:4   | Received a gift from Okawaru
 14830 | Lair:4   | Reached XP level 14. HP: 116/138 MP: 19/19
 14836 | Lair:4   | Reached skill level 10 in Shields
 15192 | Lair:4   | Noticed Urug
 15205 | Lair:4   | Killed Urug
 15205 | Lair:4   | Received a gift from Okawaru
 15637 | Lair:5   | Entered Level 5 of the Lair of Beasts
 15952 | Lair:5   | Received a gift from Okawaru
 16049 | Lair:5   | Found a staircase to the Slime Pits.
 16053 | Lair:5   | Found a viscous altar of Jiyva.
 16195 | Lair:5   | Received a gift from Okawaru
 16216 | Lair:5   | Reached XP level 15. HP: 117/147 MP: 20/20
 16490 | Lair:5   | Received a gift from Okawaru
 16991 | Lair:5   | Found the +10 Black Knight's barding {ponderous, rPois rN+}
 17392 | D:11     | Found Myeqioh's Weapon Shop.
 17895 | D:12     | Received a gift from Okawaru
 18228 | D:12     | Found a runed translucent gate.
 18228 | D:12     | Found a runed translucent gate.
 18235 | D:12     | Found a runed translucent gate.
 18237 | D:12     | Noticed Azoth's ghost (journeyman DEIE)
 18258 | D:12     | Killed Azoth's ghost
 18896 | D:13     | Received a gift from Okawaru
 18972 | D:13     | Found a gate to the Vaults.
 18988 | D:13     | Reached XP level 16. HP: 133/159 MP: 21/21
 19032 | D:13     | Noticed Snorg
 19038 | D:13     | Killed Snorg
 19280 | D:13     | Identified the +0 robe of Duck's Teeth {+Blink rCorr}
 19367 | D:13     | Noticed Nessos
 19383 | D:13     | Killed Nessos
 19762 | D:14     | Received a gift from Okawaru
 19800 | D:14     | Found a runed translucent door.
 19861 | D:14     | Noticed a tengu reaver
 19868 | D:14     | Killed a tengu reaver
 20000 | D:14     | Noticed Lodul
 20008 | D:14     | Killed Lodul
 20503 | D:15     | Entered Level 15 of the Dungeon
 20543 | D:15     | Found Cudomuma's Distillery.
 20559 | D:15     | Bought a potion of mutation for 144 gold pieces
 20559 | D:15     | Bought a potion of heal wounds for 90 gold pieces
 20559 | D:15     | Bought a potion of heal wounds for 90 gold pieces
 20559 | D:15     | Bought a potion of cancellation for 144 gold pieces
 20559 | D:15     | Bought 2 potions of curing for 108 gold pieces
 20559 | D:15     | Bought a potion of might for 72 gold pieces
 20559 | D:15     | Bought a potion of berserk rage for 90 gold pieces
 20559 | D:15     | Bought a potion of curing for 54 gold pieces
 20738 | D:15     | Received a gift from Okawaru
 20980 | D:15     | Found a staircase to the Depths.
 21344 | Spider:1 | Entered Level 1 of the Spider Nest
 21428 | Spider:1 | Noticed Jorgrun
 21455 | Spider:1 | Killed Jorgrun
 21638 | Spider:1 | Received a gift from Okawaru
 21763 | Spider:1 | Reached skill level 15 in Armour
 22377 | Spider:1 | Noticed Donald
 22382 | Spider:1 | Killed Donald
 22619 | Orc:1    | Entered Level 1 of the Orcish Mines
 22624 | Orc:1    | Reached XP level 17. HP: 160/169 MP: 22/22
 23030 | Orc:2    | Entered Level 2 of the Orcish Mines
 23045 | Orc:2    | Received a gift from Okawaru
 23072 | Orc:2    | Noticed Azrael
 23080 | Orc:2    | Killed Azrael
 23100 | Orc:2    | Found Vudybbe's Weapon Shop.
 23100 | Orc:2    | Found Apruc's Magic Scroll Shoppe.
 23206 | Orc:2    | Noticed Rupert
 23217 | Orc:2    | Killed Rupert
 23689 | Orc:2    | Found Fiunegua's General Store.
 23691 | Orc:2    | Found Fef Taxt's Antique Armour Emporium.
 23695 | Orc:2    | Bought a scroll of fear for 68 gold pieces
 23695 | Orc:2    | Bought a scroll of teleportation for 51 gold pieces
 23695 | Orc:2    | Bought a scroll of teleportation for 51 gold pieces
 23695 | Orc:2    | Bought a scroll of enchant weapon for 127 gold pieces
 23698 | Orc:2    | Bought a potion of curing for 45 gold pieces
 23698 | Orc:2    | Bought a potion of enlightenment for 75 gold pieces
 23703 | Orc:2    | Bought a runed cloak for 232 gold pieces
 23763 | Orc:2    | Found a staircase to the Elven Halls.
 24355 | Spider:2 | Received a gift from Okawaru
 24739 | Spider:2 | Reached skill level 15 in Shields
 24891 | Spider:2 | Identified the ring of Teotzieq {+Blink rC+ Int-2 Dex+6}
 25696 | Spider:3 | Received a gift from Okawaru
 25902 | Spider:4 | Entered Level 4 of the Spider Nest
 26386 | Spider:4 | Reached XP level 18. HP: 180/180 MP: 23/23
 26412 | Spider:4 | Received a gift from Okawaru
 27578 | Spider:4 | Got a gossamer rune of Zot
 27799 | Shoals:1 | Entered Level 1 of the Shoals
 28013 | Vaults:1 | Entered Level 1 of the Vaults
 28023 | Vaults:1 | Found Tueraumo's Distillery.
 28040 | Vaults:1 | Bought a potion of attraction for 54 gold pieces
 28040 | Vaults:1 | Bought a potion of berserk rage for 90 gold pieces
 28040 | Vaults:1 | Bought a potion of mutation for 144 gold pieces
 28040 | Vaults:1 | Bought a potion of mutation for 144 gold pieces
 28040 | Vaults:1 | Bought a potion of mutation for 144 gold pieces
 28192 | Vaults:1 | Received a gift from Okawaru
 28990 | Vaults:1 | Received a gift from Okawaru
 29449 | Vaults:1 | Reached XP level 19. HP: 116/191 MP: 24/24
 30291 | Vaults:2 | Received a gift from Okawaru
 30722 | Vaults:2 | Found Bagokk's Jewellery Emporium.
 30731 | Vaults:2 | Bought a ring of flight for 245 gold pieces
 30928 | Vaults:2 | Killed from afar by an ironbound thunderhulk

Illustrated notes

Levels and vault maps discovered:
D:1:      reono_arrival_forest_river, layout_loops_ring,
          minmay_misc_feat_plants, dk_noncrumbling_2
D:2:      layout_loops_ring, serial_shops, shop, uniq_terence
D:3:      layout_loops_ring, trog_antimagical, nicolae_yredelemnul_corpse_copse,
          kiku_gazebo_garden_becter, nzn_hepliaklqana_mist_gate
D:4:      layout_basic, mainiacjoe_overflow_paths, okawaru_gym_becter,
          cheibrodos_sewer_entry_sluice, uniq_ijyb
D:5:      layout_rooms, fedhas_bush_and_centaur_altar, uniq_blork_the_orc
D:6:      layout_loops_cross, overflow_temple_1_default,
          nicolae_ashenzari_skybound, nicolae_qazlal_general_emergency,
          temple_garden, uniq_prince_ribbit1, uniq_maggie
D:7:      layout_cave_pools, serial_shops, shop
D:8:      layout_loops_ring
D:9:      layout_irregular_city, nicolae_ru_awakened_eye, lair_entry_dummy
D:10:     layout_small_grid, orc_0_dummy, amcnicky_mini_pool_small,
          onia_ninara_cookie
D:11:     layout_roguey, serial_shops, nicolae_shop_tiny_real_fake_doors,
          special_room [special_room_kobold]
D:12:     wad_cavern_with_rooms, layout_basic, gammafunk_ghost_necromancy
D:13:     layout_loops_cross, david_vaults_1, uniq_nessos, uniq_snorg
D:14:     layout_loops_ring, nicolae_cairo_tiling_large, minivault_13,
          uniq_lodul
D:15:     grunt_enter_depths_magical_seal, layout_basic, serial_shops, shop,
          minmay_misc_feat_rugged, small_statue_alley_a
Lair:1:   layout_concentric_octagons, portal_ice_cave_demonic_guard, st_stairs_7
Lair:2:   layout_gridlike, minmay_shoals_entry_hut
Lair:3:   layout_cave_pods, dummy_spider_entry, small_statue_intersection,
          st_stairs_8, nicolae_lair_liquid_snakes, lemuel_fruit_fields,
          infiniplex_staircase_pool
Lair:4:   kb_forest_paths, layout_gridlike, dreamdust_gnoll_shepherd, uniq_urug
Lair:5:   minmay_lair_end_enchanted_forest, layout_cave_shapes,
          nicolae_slime_entry_field_trip, st_stairs_8, grunt_megastairs_1
Shoals:1: layout_shoals, nicolae_shop_clearance, uniq_roxanne
Spider:1: layout_spider_delve, uniq_donald, uniq_jorgrun
Spider:2: layout_spider_delve, nicolae_spider_nook
Spider:3: layout_spider_delve
Spider:4: spider_rune_water
Orc:1:    layout_caves
Orc:2:    st_orc_rangers, layout_caves, uniq_azrael, uniq_rupert
Vaults:1: hangedman_vaults_unwind, vaults_dpeg_doors,
          nicolae_vaults_shipping_containers_6, nicolae_vaults_diamond_2,
          nicolae_vaults_little_squares_3, vaults_mumra_lcd,
          nicolae_vaults_heart-shaped_vault, layout_vaults_chaotic_city,
          serial_shops, nicolae_shop_tiny_glass
Vaults:2: v_misc_9, st_diamondy, nicolae_vaults_variable_pillar_hall,
          ontoclasm_vaults_pinch, ontoclasm_vaults_fault, v_pattern_3,
          nicolae_vaults_closet_pinwheel_2, nicolae_vaults_house_2, v_misc_10,
          nicolae_vaults_six-pack, nicolae_vaults_back_hallway,
          nicolae_vaults_two_Ls, ontoclasm_vaults_hangar,
          layout_vaults_maze_bifur, serial_shops, shop

Skill      XL: |  1  2  3  4  5  6  7  8  9 10 11 12 13 14 15 16 17 18 19 |
---------------+----------------------------------------------------------+-----
Axes           | 3 4 5 6 8 9 12 14 17 18 20 21 22 | 22.0
Fighting       | 4 5 6 7 8 10 13 14 15 16 17 18 19 20 21 22 | 22.0
Invocations    | 4 5 6 7 |  7.0
Armour         | 6 8 9 11 12 13 15 16 17 18 | 18.6
Shields        | 6 7 9 11 13 14 15 17 18 | 18.1

Action                     |  1- 3 |  4- 6 |  7- 9 | 10-12 | 13-15 | 16-18 | 19-21 || total
---------------------------+-------+-------+-------+-------+-------+-------+-------++-------
  Melee: War axe           |    75 |   130 |   121 |       |       |       |       ||   326
         Unarmed           |       |       |     2 |       |       |     2 |       ||     4
         Hand axe          |       |       |   228 |   449 |       |       |       ||   677
         Broad axe         |       |       |       |   155 |   220 |   739 |   109 ||  1223
         Battleaxe         |       |       |       |       |   553 |   180 |       ||   733
  Throw: Javelin           |       |     2 |     7 |    11 |     6 |     3 |       ||    29
         Dart              |       |       |       |     2 |       |       |       ||     2
 Invoke: Heroism           |       |       |     1 |     6 |     3 |    11 |       ||    21
         Finesse           |       |       |       |     1 |       |     3 |       ||     4
         Receive Weapon    |       |       |       |       |     1 |       |       ||     1
         Receive Armour    |       |       |       |       |     1 |       |       ||     1
  Evoke: Wand              |       |       |       |       |    15 |       |       ||    15
    Use: Scroll            |       |       |       |    18 |     5 |    11 |       ||    34
         Potion            |       |       |       |     3 |       |       |       ||     3
   Stab: Distracted        |       |       |       |     1 |       |       |       ||     1
         Petrified         |       |       |       |       |     1 |       |       ||     1
 Armour: Scale mail        |    61 |    85 |   217 |    50 |       |       |       ||   413
         Skin              |       |       |     9 |       |       |     3 |       ||    12
         Acid dragon scale |       |       |       |   120 |       |       |       ||   120
         Chain mail        |       |       |       |   113 |   792 |   700 |    71 ||  1676
  Dodge: Dodged            |    35 |    51 |   120 |   186 |   386 |   229 |    20 ||  1027
  Block: Buckler           |    18 |    34 |    78 |   191 |    75 |       |       ||   396
         Reflection        |       |       |     3 |     5 |       |   104 |    11 ||   123
         Tower shield      |       |       |       |       |       |  1172 |   145 ||  1317

Table legend: (Time is in decaauts)
 A = Elapsed time spent in this place.
 B = Non-inter-level travel time spent in this place.
 C = Inter-level travel time spent in this place.
 D = Time resting spent in this place.
 E = Time spent auto-exploring this place.
 F = Levels seen in this place.
 G = Mean time per level.
                   A        B        C        D        E       F      G
               +--------+--------+--------+--------+--------+-----+--------+
         Total |  30799 |  29037 |   1762 |   1499 |  21310 |  31 |  993.5 |
       Dungeon |  14316 |  13413 |    903 |    529 |  10346 |  15 |  954.4 |
          Lair |   5860 |   5340 |    520 |    223 |   3702 |   5 | 1172.0 |
        Shoals |     54 |     54 |      0 |      0 |      0 |   1 |   54.0 |
   Spider Nest |   4871 |   4666 |    205 |    462 |   3215 |   4 | 1217.8 |
  Orcish Mines |   1396 |   1296 |    100 |      0 |   1028 |   2 |  698.0 |
        Vaults |   2830 |   2799 |     31 |     84 |   2160 |   2 | 1415.0 |
         Sewer |    197 |    197 |      0 |      0 |    148 |   1 |  197.0 |
      Ice Cave |   1270 |   1270 |      0 |    200 |    709 |   1 | 1270.0 |
               +--------+--------+--------+--------+--------+-----+--------+

Top non-repeatable levels by time:
Vaults:1: 1970 daAuts
Spider:4: 1790 daAuts
    D:10: 1543 daAuts
     D:4: 1403 daAuts
     D:9: 1349 daAuts
  Lair:4: 1323 daAuts
   IceCv: 1270 daAuts
     D:6: 1258 daAuts
  Lair:1: 1195 daAuts
  Lair:3: 1162 daAuts
  Lair:5: 1158 daAuts
    D:13: 1072 daAuts
Spider:1: 1055 daAuts
     D:8: 1047 daAuts
  Lair:2: 1021 daAuts
